 Dungeon Crawl Stone Soup version bcrawl-1.13.2 (webtiles) character file.

Game seed: 952463757855872035

304 Chiseanne the Covered (level 6, 46/46 HPs)
             Began as a Demonspawn Archaeologist on Aug 10, 2019.
             Quit the game on level 3 of the Dungeon.
             The game lasted 00:04:11 (2434 turns).

Chiseanne the Covered (Demonspawn Archaeologist)    Turns: 2434, Time: 00:04:12

Health: 46/46      AC: 11    Str: 12    XL:     6   Next: 15%
Magic:  6/6        EV: 10    Int: 15    God:
Gold:   231        SH:  0    Dex: 13    Spells: 5/5 levels left

rFire    . . .     SeeInvis .   o - +0 long sword
rCold    . . .     Gourm    .   (no shield)
rNeg     . . .     Faith    .   n - +0 scale mail
rPois    .         Spirit   .   c - +1 hat
rElec    .         Reflect  .   (no cloak)
rCorr    .         Harm     .   (no gloves)
MR       +....                  d - +1 pair of boots
Stlth    +.........             (no amulet)
HPRegen  0.15/turn              (no ring)
MPRegen  0.10/turn              (no ring)

@: no status effects
A: hooves 1, horns 2, magic resistance 1, wild magic 1
a: no special abilities


You were on level 3 of the Dungeon.
You were not hungry.

You visited 1 branch of the dungeon, and saw 3 of its levels.

You collected 231 gold pieces.

Inventory:

Hand Weapons
 a - a +0 whip
 o - a +0 long sword (weapon)
 t - a +0 hunting sling
Missiles
 k - 397 poisoned needles
 l - 401 stones (quivered)
 w - 332 arrows
Armour
 c - a +1 hat (worn)
 d - a +1 pair of boots (worn)
 f - the -2 hat of the Alchemist {rElec rPois rF+ rC+ rN+ MR+ rMut rCorr}

   It protects you from fire.
   It protects you from cold.
   It insulates you from electricity.
   It protects you from poison.
   It protects you from negative energy.
   It affects your resistance to hostile enchantments.
   It provides partial protection from all sources of acid and corrosion.
   It protects you from mutation.
 n - a +0 scale mail (worn)
Scrolls
 b - a scroll of remove curse {unknown}
 e - a scroll of fog {unknown}
 h - a scroll of immolation {unknown}
 i - a scroll of noise {unknown}
 j - a scroll of blinking {unknown}
 m - 5 scrolls of teleportation {unknown}
 p - a scroll of fear {unknown}
 v - a scroll of identify {unknown}
Potions
 r - 2 potions of brilliance {unknown}
 u - a potion of berserk rage {unknown}
Comestibles
 g - 7 rations {!d}


   Skills:
 - Level 2.8 Fighting
 - Level 0.8 Maces & Flails
 + Level 6.7 Armour
 - Level 2.6 Dodging
 - Level 3.0 Stealth


You had 5 spell levels left.
You didn't know any spells.
Your spell library was empty.

Dungeon Overview and Level Annotations

Branches:
Dungeon (3/12)

Altars:
Lugonu


Innate Abilities, Weirdness & Mutations

You have a pair of horns on your head.
You have large cloven feet.
You are resistant to hostile enchantments. (MR+)
Your spells are a little harder to cast, but a little more powerful.


Message History

No target in view!
No target in view!
No target in view!
No target in view!
No target in view!
No target in view!
No target in view!
No target in view!
No target in view!
No target in view!
e - a scroll labeled DOF KONOZUIS You open the door.
There is an open door here.
There is an open door here.
Found a long sword.
You see here a long sword.
o - a long sword Wield which item (- for none, * to show all)? (? for menu, Esc to quit)
o - a +0 long sword (weapon)
Are you sure you want to abandon this character and quit the game? (Confirm with "yes".)

##.#.#
.........####....###
........+..........
.>......####.......
.......# ##......
.....# #.......
#.... ..##.......
#..# #.##.......
#@.# #.##.......
###..#####.##.######
###.......##.##.#
>........#.##.##.#
####.......##.##.#
###...#.##.##.#
#...........#
#############


There were no monsters in sight!

Vanquished Creatures
  An ogre (D:3)
  A crimson imp (D:3)
  An orc priest (D:3)
  Jessica (D:2)
  Terence (D:2)
  A worker ant (D:2)
  3 gnolls (D:3)
  An adder (D:3)
  2 dart slugs
  2 leopard geckos
  6 orcs (D:3)
  4 bats
  2 giant cockroaches (D:1)
  3 goblins
  A hobgoblin (D:2)
  A quokka (D:2)
  A frilled lizard (D:1)
  5 kobolds
  3 rats
40 creatures vanquished.

Notes
Turn   | Place    | Note
-------+----------+-------------------------------------------
     0 | D:1      | Chiseanne the Demonspawn Archaeologist began the quest for
                  | the Orb.
     0 | D:1      | Reached XP level 1. HP: 15/15 MP: 1/1
   286 | D:1      | Gained mutation: You have a pair of small horns on your
                  | head. [demonic ancestry]
   286 | D:1      | Reached XP level 2. HP: 22/22 MP: 2/2
   722 | D:2      | Noticed Terence
   773 | D:2      | Noticed Jessica
   787 | D:2      | Killed Jessica
   787 | D:2      | Reached skill level 1 in Armour
   787 | D:2      | Reached XP level 3. HP: 28/28 MP: 3/3
   926 | D:2      | Killed Terence
   926 | D:2      | Reached skill level 3 in Armour
   926 | D:2      | Reached XP level 4. HP: 26/34 MP: 4/4
  1072 | D:2      | Found a corrupted altar of Lugonu.
  1112 | D:2      | Gained mutation: Your spells are a little harder to cast,
                  | but a little more powerful. [potion of mutation]
  1112 | D:2      | Gained mutation: You have large cloven feet. [potion of
                  | mutation]
  1112 | D:2      | Gained mutation: You are resistant to hostile enchantments.
                  | (MR+) [potion of mutation]
  1543 | D:3      | Reached skill level 4 in Armour
  1598 | D:3      | Noticed an ogre
  1613 | D:3      | Killed an ogre
  1613 | D:3      | Reached skill level 5 in Armour
  1613 | D:3      | Reached XP level 5. HP: 25/40 MP: 5/5
  1870 | D:3      | Reached skill level 6 in Armour
  2031 | D:3      | Gained mutation: You have a pair of horns on your head.
                  | [demonic ancestry]
  2031 | D:3      | Reached XP level 6. HP: 44/46 MP: 6/6
  2434 | D:3      | Quit the game

Skill      XL: |  1  2  3  4  5 |
---------------+----------------+-----
Fighting       | 2 |  2.8
Armour         | 1 3 5 6 |  6.7
Maces & Flails | |  0.8
Dodging        | |  2.6
Stealth        | |  3.0

Action                   |  1- 3 |  4- 6 || total
-------------------------+-------+-------++-------
Melee: Whip              |   100 |   134 ||   234
       Headbutt          |    11 |    19 ||    30
  Use: Potion            |       |     3 ||     3
       Scroll            |       |     1 ||     1
  Eat: Chunk             |       |     5 ||     5
Armor: Robe              |    24 |       ||    24
       Scale mail        |    27 |    57 ||    84
       Chain mail        |     7 |       ||     7
Dodge: Dodged            |    77 |    77 ||   154
